 Dungeon Crawl Stone Soup version 0.21-a0-538-gd16b88a (webtiles) character file.

100 Lasiace the Chiller (level 4, -4/44 HPs)
             Began as an Ogre Ice Elementalist on Dec 15, 2017.
             Slain by an orc
             ... wielding a cursed -2 whip
              (7 damage)
             ... on level 3 of the Dungeon.
             The game lasted 00:07:14 (2386 turns).

Lasiace the Chiller (Ogre Ice Elementalist)         Turns: 2386, Time: 00:07:15

Health: -4/44      AC:  4    Str: 17    XL:     4   Next: 74%
Magic:  2/8        EV: 10    Int: 16    God:
Gold:   136        SH:  0    Dex: 10    Spells: 5/9 levels left

rFire    . . .     SeeInvis .   a - +1 dagger (venom)
rCold    . . .     Gourm    .   (no shield)
rNeg     . . .     Faith    .   d - +0 robe
rPois    .         Spirit   .   (helmet restricted)
rElec    .         Reflect  .   D - +0 cloak
rCorr    .         Harm     .   (gloves unavailable)
MR       .....                  (boots unavailable)
Stlth    ++........             (no amulet)
HPRegen  0.14/turn              (no ring)
MPRegen  0.11/turn              (no ring)

@: mighty
A: large, unfitting armour, tough skin 1
a: no special abilities


You were on level 3 of the Dungeon.
You were not hungry.

You visited 1 branch of the dungeon, and saw 3 of its levels.

You collected 136 gold pieces.

Inventory:

Hand Weapons
 a - a +1 dagger of venom (weapon)
Missiles
 e - 76 stones (quivered) {@Q0}
 p - 15 sling bullets {@Q3}
Armour
 d - a +0 robe (worn)
 D - a +0 cloak (worn)
Scrolls
 b - 4 scrolls of remove curse {unknown}
 g - 3 scrolls of identify {unknown}
 j - a scroll of fear {unknown}
 l - a scroll of noise {unknown}
 n - a scroll of teleportation {unknown}
 r - a scroll of magic mapping {unknown}
 t - a scroll of enchant weapon {unknown}
 u - a scroll of fog {unknown}
Potions
 k - a potion of flight {unknown}
 m - a potion of mutation {unknown}
 o - a potion of haste {unknown}
 q - a potion of heal wounds {unknown}
 v - a potion of brilliance {unknown}
Books
 B - a book of Frost

   Spells                             Type                      Level
   a - Freeze                         Ice                          1
   b - Throw Frost                    Conjuration/Ice              2
   c - Ozocubu's Armour               Charms/Ice                   3
   d - Throw Icicle                   Conjuration/Ice              4
   e - Summon Ice Beast               Ice/Summoning                4
Comestibles
 c - 2 bread rations
 h - 2 royal jellies
 i - a fruit
 s - 2 chunks of flesh


   Skills:
 + Level 2.4 Fighting
 + Level 2.5 Dodging
 - Level 1.4 Stealth
 - Level 3.0 Spellcasting
   Level 0.8 Conjurations
 * Level 1.3 Charms
 + Level 3.2 Ice Magic


You had 5 spell levels left.
You knew the following spells:

 Your Spells              Type           Power        Failure   Level  Hunger
a - Freeze                Ice            ##..         4%          1    #......
c - Ozocubu's Armour      Chrm/Ice       #.......     22%         3    ###....


Dungeon Overview and Level Annotations

Branches:
Dungeon (3/15)

Altars:
Hepliaklqana


Innate Abilities, Weirdness & Mutations

You are too large for most types of armour.
You have tough skin. (AC +1)


Message History

Press: ? - help, Shift-Dir - straight line, f - orc
Aim: an orc, wielding an enchanted whip You freeze the orc.
The orc is heavily wounded.
Casting: Freeze
Confirm with . or Enter, or press ? or * to list all spells.
Aiming: Freeze
Press: ? - help, Shift-Dir - straight line, f/p - orc
Aim: an orc, wielding an enchanted whip (heavily wounded)
You freeze the orc.
The orc is severely wounded.
The orc hits you with an enchanted whip.
* * * LOW HITPOINT WARNING * * *
The orc wizard mumbles some strange words.
The orc wizard blinks!
Okay, then.
It was a potion of might.
You feel very mighty all of a sudden.
The orc hits you with an enchanted whip!
You die...

..8##.# 8## #.###
#### ### #.... ...
#.# #.##. # #.#
##.# #....
#.##.##.##.# ####.
#...o§..##.########
####[#####.##...# #
#.@oo# ###.##...###
#o#### #...........
#.# #.#.........
#.# #.#.........
#.# ##.#.........
#.# #............
#.#####.#####...#.#
#...............#.#
#######.#####..##.#


You could see an orc wizard and 2 orcs.

Vanquished Creatures
  An orc priest (D:3)
  An adder (D:3)
  5 worms
  A dart slug (D:1)
  A leopard gecko (D:1)
  2 giant cockroaches
  8 goblins
  2 hobgoblins (D:1)
  5 jackals (D:2)
  5 kobolds
  A quokka (D:3)
  7 bats
  2 frilled lizards (D:2)
  2 rats
43 creatures vanquished.

Notes
Turn   | Place    | Note
-------+----------+-------------------------------------------
     0 | D:1      | Lasiace the Ogre Ice Elementalist began the quest for the Orb.
     0 | D:1      | Reached XP level 1. HP: 16/16 MP: 3/3
   222 | D:1      | Reached XP level 2. HP: 26/26 MP: 3/5
   275 | D:1      | Reached skill level 1 in Fighting
   812 | D:2      | Reached XP level 3. HP: 32/33 MP: 7/7
  1225 | D:2      | Learned a level 3 spell: Ozocubu's Armour
  1822 | D:3      | Found a hazy altar of Hepliaklqana.
  1957 | D:3      | Reached XP level 4. HP: 42/42 MP: 5/8
  2241 | D:3      | Reached skill level 1 in Charms
  2386 | D:3      | Slain by an orc

Vault maps used:
D:1:      lemuel_arrival_muddy
D:3:      nicolae_overflow_hidden_temple

Skill      XL: |  1  2  3  4 |
---------------+-------------+-----
Fighting       | 1 2 |  2.4
Dodging        | 2 |  2.5
Ice Magic      | 3 |  3.2
Spellcasting   | 3 |  3.0
Charms         | 1 |  1.3
Stealth        | |  1.4
Conjurations   | |  0.8

Action                   |  1- 3 |  4- 6 || total
-------------------------+-------+-------++-------
Melee: Dagger            |    81 |    24 ||   105
       Unarmed           |     1 |       ||     1
 Cast: Freeze            |    14 |     8 ||    22
  Use: Potion            |       |     1 ||     1
 Stab: Sleeping          |     3 |     2 ||     5
  Eat: Chunk             |     3 |     2 ||     5
Armor: Robe              |    26 |     3 ||    29
Dodge: Dodged            |    37 |    11 ||    48

Table legend:
 A = Spawn XP
 B = Non-spawn XP
 C = Spawn XP percentage of total XP
 D = Spawn monster count
 E = Non-spawn monster count
 F = Spawn count percentage of total count
 G = Total turns spent on level
                    A         B        C        D         E        F      G
               +---------+---------+-------+---------+---------+-------+---------
         Total |       0 |     144 |   0.0 |       0 |      43 |   0.0 |  2386
               +---------+---------+-------+---------+---------+-------+---------
           D:1 |       0 |      31 |   0.0 |       0 |      16 |   0.0 |   802
           D:2 |       0 |      30 |   0.0 |       0 |      15 |   0.0 |   987
           D:3 |       0 |      83 |   0.0 |       0 |      12 |   0.0 |   597
               +---------+---------+-------+---------+---------+-------+---------
